[ AOE2 MATCH · #507354300 ]
UnrankedTeutons vs Persians
Player's team · WIN
Rival team · LOSS
[ REPLAY ANALYSIS · EXTRACTED FROM THE RECORDED GAME ]
Feudal
14:32
Castle
55:16
Imperial
—
| APM avg | 37.3 |
| APM peak | 63 |
| eAPM avg | 20.8 |
| Villagers / military | 176 / 124 |
Focus
⚔️ 27.3% · 🌾 72.7%
Knight ×51 · Archer ×40 · Spearman ×24 · Scout Cavalry ×9
Feudal
23:48
Castle
32:44
Imperial
—
| APM avg | 39.5 |
| APM peak | 77 |
| eAPM avg | 25.3 |
| Villagers / military | 108 / 82 |
Focus
⚔️ 37.1% · 🌾 62.9%
Knight ×33 · Skirmisher ×16 · Camel Scout ×13 · Monk ×10 · Mangonel ×10
Match map
Initial resources + every placement click. Lines = walls · curves = elevation contours. ◆ gold · ⬟ stone · ● berries · ✦ relic · ◌ wall gap
Your base· Open — unwalled flank
GS's base· Open — unwalled flank
Smoothed initial terrain · ◌ = detected wall gap · hover for details
Inputs per minute
— Lord_calderon - - GS
Build order — Lord_calderon
First 150 of 485 actions detected
| 0:02 | Queue | Villager (Male) |
| 0:02 | Queue | Villager (Male) |
| 0:02 | Queue | Villager (Male) |
| 0:03 | Build | House |
| 0:04 | Build | House |
| 0:23 | Queue | Villager (Male) |
| 0:23 | Queue | Villager (Male) |
| 0:23 | Queue | Villager (Male) |
| 1:16 | Queue | Villager (Male) |
| 1:17 | Queue | Villager (Male) |
| 1:17 | Queue | Villager (Male) |
| 2:01 | Queue | Villager (Male) |
| 2:01 | Queue | Villager (Male) |
| 2:02 | Queue | Villager (Male) |
| 2:27 | Build | Mill |
| 2:30 | Queue | Villager (Male) |
| 2:31 | Queue | Villager (Male) |
| 2:31 | Queue | Villager (Male) |
| 2:48 | Queue | Villager (Male) |
| 2:48 | Queue | Villager (Male) |
| 2:49 | Queue | Villager (Male) |
| 3:02 | Queue | Villager (Male) |
| 3:02 | Queue | Villager (Male) |
| 3:02 | Queue | Villager (Male) |
| 3:29 | Queue | Villager (Male) |
| 3:50 | Queue | Villager (Male) |
| 3:51 | Queue | Villager (Male) |
| 3:58 | Build | House |
| 4:14 | Queue | Villager (Male) |
| 4:45 | Queue | Villager (Male) |
| 5:10 | Build | Lumber Camp |
| 5:29 | Queue | Villager (Male) |
| 5:30 | Queue | Villager (Male) |
| 5:30 | Queue | Villager (Male) |
| 5:30 | Queue | Villager (Male) |
| 6:10 | Queue | Villager (Male) |
| 6:11 | Research | Loom |
| 6:55 | Queue | Villager (Male) |
| 7:23 | Queue | Villager (Male) |
| 7:24 | Queue | Villager (Male) |
| 8:09 | Queue | Villager (Male) |
| 8:23 | Build | House |
| 8:24 | Queue | Villager (Male) |
| 8:36 | Build | House |
| 10:23 | Build | Town Center |
| 11:57 | Queue | Villager (Male) |
| 12:01 | Research | Feudal Age |
| 12:01 | Research | Feudal Age |
| 12:59 | Queue | Villager (Male) |
| 14:11 | Queue | Villager (Male) |
| 14:12 | Queue | Villager (Male) |
| 14:26 | Queue | Villager (Male) |
| 14:32 | Age | Feudal Age |
| 14:54 | Queue | Villager (Male) |
| 14:59 | Build | Lumber Camp |
| 15:25 | Queue | Villager (Male) |
| 15:58 | Queue | Villager (Male) |
| 16:07 | Queue | Villager (Male) |
| 16:57 | Build | Lumber Camp |
| 17:40 | Build | House |
| 17:48 | Build | House |
| 17:52 | Build | House |
| 18:26 | Build | Lumber Camp |
| 19:53 | Build | Town Center |
| 20:42 | Queue | Villager (Male) |
| 20:43 | Queue | Villager (Male) |
| 20:43 | Queue | Villager (Male) |
| 20:43 | Queue | Villager (Male) |
| 20:43 | Queue | Villager (Male) |
| 20:47 | Research | Double-Bit Axe |
| 20:48 | Research | Double-Bit Axe |
| 20:49 | Queue | Villager (Male) |
| 20:49 | Queue | Villager (Male) |
| 20:49 | Queue | Villager (Male) |
| 20:50 | Queue | Villager (Male) |
| 20:50 | Queue | Villager (Male) |
| 21:48 | Build | Barracks |
| 22:45 | Build | Archery Range |
| 22:54 | Build | Farm |
| 22:55 | Build | Farm |
| 22:55 | Build | Farm |
| 22:55 | Build | Farm |
| 23:04 | Build | Farm |
| 23:18 | Queue | Archer |
| 23:27 | Build | Farm |
| 23:33 | Build | Farm |
| 23:49 | Build | House |
| 23:57 | Queue | Archer |
| 24:08 | Build | House |
| 24:16 | Queue | Archer |
| 24:21 | Build | Farm |
| 24:25 | Build | Farm |
| 24:30 | Queue | Archer |
| 24:48 | Build | House |
| 25:01 | Build | Farm |
| 25:03 | Queue | Villager (Male) |
| 25:29 | Queue | Villager (Male) |
| 25:33 | Queue | Archer |
| 25:39 | Build | House |
| 25:59 | Queue | Villager (Male) |
| 26:03 | Build | Blacksmith |
| 26:05 | Build | Farm |
| 26:06 | Build | Farm |
| 26:07 | Queue | Villager (Male) |
| 26:21 | Queue | Archer |
| 26:26 | Build | House |
| 26:52 | Queue | Villager (Male) |
| 27:03 | Research | Fletching |
| 27:04 | Research | Fletching |
| 27:33 | Queue | Villager (Male) |
| 27:35 | Build | Stable |
| 27:52 | Queue | Villager (Male) |
| 27:57 | Build | Farm |
| 27:57 | Build | Farm |
| 27:57 | Build | Farm |
| 28:21 | Build | Mining Camp |
| 28:22 | Queue | Scout Cavalry |
| 28:35 | Queue | Villager (Male) |
| 29:23 | Queue | Villager (Male) |
| 30:01 | Research | Stone Mining |
| 30:02 | Queue | Villager (Male) |
| 30:21 | Queue | Villager (Male) |
| 30:22 | Queue | Villager (Male) |
| 30:37 | Build | Watch Tower |
| 30:41 | Queue | Villager (Male) |
| 31:10 | Build | Watch Tower |
| 31:27 | Queue | Archer |
| 31:28 | Queue | Archer |
| 31:28 | Queue | Archer |
| 31:37 | Queue | Villager (Male) |
| 31:52 | Build | Watch Tower |
| 32:02 | Queue | Villager (Male) |
| 32:13 | Queue | Archer |
| 32:21 | Build | Watch Tower |
| 32:47 | Queue | Villager (Male) |
| 33:00 | Queue | Villager (Male) |
| 33:06 | Build | Archery Range |
| 33:09 | Build | Farm |
| 33:09 | Build | Farm |
| 33:09 | Build | Farm |
| 33:31 | Queue | Archer |
| 33:32 | Queue | Archer |
| 33:52 | Queue | Villager (Male) |
| 33:56 | Build | House |
| 34:02 | Build | Watch Tower |
| 34:22 | Build | House |
| 34:24 | Build | House |
| 34:30 | Build | Palisade Wall |
| 34:32 | Build | Palisade Wall |
| 35:01 | Queue | Villager (Male) |
Build order — GS
First 150 of 302 actions detected
| 0:00 | Queue | Villager (Male) ×5 |
| 0:02 | Build | House |
| 0:05 | Build | House |
| 1:31 | Queue | Villager (Male) |
| 2:26 | Queue | Villager (Male) |
| 2:34 | Build | Lumber Camp |
| 2:40 | Queue | Villager (Male) |
| 2:41 | Queue | Villager (Male) |
| 3:01 | Build | House |
| 3:24 | Queue | Villager (Male) |
| 3:24 | Queue | Villager (Male) |
| 3:25 | Queue | Villager (Male) |
| 3:25 | Queue | Villager (Male) |
| 4:33 | Research | Loom |
| 5:15 | Queue | Villager (Male) |
| 5:26 | Queue | Villager (Male) |
| 6:00 | Queue | Villager (Male) |
| 6:24 | Queue | Villager (Male) |
| 7:08 | Build | Town Center |
| 7:25 | Build | Palisade Wall |
| 7:33 | Build | Mill |
| 7:58 | Queue | Villager (Male) |
| 7:58 | Queue | Villager (Male) |
| 7:59 | Queue | Villager (Male) |
| 7:59 | Queue | Villager (Male) |
| 7:59 | Queue | Villager (Male) |
| 8:26 | Build | House |
| 9:06 | Build | House |
| 9:45 | Queue | Villager (Male) |
| 9:45 | Queue | Villager (Male) |
| 9:45 | Queue | Villager (Male) |
| 9:53 | Queue | Villager (Male) |
| 10:31 | Queue | Villager (Male) |
| 10:46 | Queue | Villager (Male) |
| 13:49 | Build | Town Center |
| 14:03 | Build | Palisade Wall |
| 14:42 | Queue | Villager (Male) ×5 |
| 15:00 | Build | Mill |
| 15:36 | Queue | Villager (Male) |
| 16:39 | Queue | Villager (Male) |
| 16:45 | Build | House |
| 16:50 | Build | House |
| 17:01 | Queue | Villager (Male) |
| 17:02 | Queue | Villager (Male) |
| 17:14 | Build | Palisade Wall |
| 17:58 | Queue | Villager (Male) |
| 18:56 | Queue | Villager (Male) |
| 18:57 | Queue | Villager (Male) |
| 18:57 | Queue | Villager (Male) |
| 18:57 | Queue | Villager (Male) |
| 19:28 | Queue | Villager (Male) |
| 19:29 | Queue | Villager (Male) |
| 19:44 | Build | Farm |
| 19:57 | Build | Farm |
| 20:00 | Build | Farm |
| 20:03 | Build | Farm |
| 20:05 | Build | Farm |
| 21:15 | Build | House |
| 21:20 | Build | Farm |
| 21:45 | Research | Feudal Age |
| 21:45 | Research | Feudal Age |
| 22:10 | Build | Mining Camp |
| 22:20 | Build | Farm |
| 22:33 | Build | House |
| 23:04 | Queue | Villager (Male) |
| 23:08 | Queue | Villager (Male) |
| 23:38 | Build | Farm |
| 23:48 | Age | Feudal Age |
| 24:17 | Research | Horse Collar |
| 24:20 | Research | Double-Bit Axe |
| 24:32 | Queue | Villager (Male) |
| 24:36 | Build | Barracks |
| 24:57 | Build | House |
| 25:00 | Build | Palisade Wall |
| 25:19 | Build | Blacksmith |
| 25:25 | Build | Palisade Wall |
| 25:43 | Build | Farm |
| 25:50 | Queue | Villager (Male) |
| 26:08 | Build | Palisade Wall |
| 26:08 | Build | Palisade Wall |
| 26:15 | Build | Palisade Wall |
| 26:17 | Build | Palisade Wall |
| 26:32 | Build | Archery Range |
| 26:40 | Queue | Villager (Male) |
| 26:51 | Queue | Skirmisher |
| 26:51 | Queue | Skirmisher |
| 26:52 | Queue | Skirmisher |
| 27:07 | Queue | Villager (Male) |
| 27:23 | Queue | Skirmisher |
| 27:34 | Build | House |
| 27:37 | Build | Palisade Wall |
| 27:58 | Build | Farm |
| 28:09 | Build | Farm |
| 28:12 | Build | Farm |
| 28:18 | Build | Farm |
| 28:20 | Build | Farm |
| 28:52 | Build | Palisade Gate |
| 28:53 | Build | House |
| 28:58 | Build | House |
| 29:03 | Build | House |
| 29:05 | Build | Stone Wall |
| 29:17 | Build | Palisade Gate |
| 29:33 | Build | Stone Wall |
| 29:56 | Queue | Villager (Male) |
| 30:15 | Research | Castle Age |
| 30:15 | Research | Castle Age |
| 30:52 | Build | Watch Tower |
| 31:04 | Build | Watch Tower |
| 31:30 | Research | Forging |
| 32:23 | Research | Fletching |
| 32:44 | Age | Castle Age |
| 32:46 | Build | Watch Tower |
| 33:20 | Build | Stable |
| 33:32 | Queue | Skirmisher |
| 33:38 | Queue | Villager (Male) |
| 33:45 | Queue | Knight |
| 33:45 | Queue | Knight |
| 34:18 | Queue | Knight |
| 34:39 | Queue | Knight |
| 34:42 | Build | Siege Workshop |
| 34:54 | Build | Farm |
| 35:26 | Queue | Villager (Male) |
| 35:45 | Queue | Mangonel |
| 36:33 | Build | Farm |
| 36:56 | Queue | Villager (Male) |
| 37:25 | Queue | Villager (Male) |
| 37:44 | Queue | Mangonel |
| 38:00 | Queue | Villager (Male) |
| 38:16 | Queue | Knight |
| 38:43 | Build | Lumber Camp |
| 38:59 | Queue | Villager (Male) |
| 39:31 | Queue | Camel Scout |
| 40:27 | Queue | Knight |
| 40:45 | Queue | Knight |
| 40:55 | Queue | Mangonel |
| 41:06 | Queue | Villager (Male) |
| 41:26 | Queue | Villager (Male) |
| 41:50 | Queue | Villager (Male) |
| 42:12 | Queue | Knight |
| 42:12 | Queue | Knight |
| 42:46 | Queue | Mangonel |
| 43:13 | Queue | Mangonel |
| 43:23 | Queue | Villager (Male) |
| 43:32 | Build | House |
| 43:33 | Build | House |
| 43:43 | Queue | Villager (Male) |
| 44:06 | Queue | Mangonel |
| 45:04 | Queue | Villager (Male) |
| 46:50 | Queue | Villager (Male) |
| 46:56 | Build | Watch Tower |
Match timeline
| 7:25 | GS · wall_segment Palisade Wall x1 |
| 14:03 | GS · wall_segment Palisade Wall x1 |
| 14:32 | Lord_calderon · age_up feudal |
| 17:14 | GS · wall_segment Palisade Wall x1 |
| 21:48 | Lord_calderon · first_building Barracks |
| 22:45 | Lord_calderon · first_building Archery Range |
| 23:48 | GS · age_up feudal |
| 24:36 | GS · first_building Barracks |
| 25:00 | GS · wall_segment Palisade Wall x7 |
| 25:25 | GS · wall_segment Palisade Wall x3 |
| 26:08 | GS · wall_segment Palisade Wall x1 |
| 26:08 | GS · wall_segment Palisade Wall x1 |
| 26:15 | GS · wall_segment Palisade Wall x9 |
| 26:17 | GS · wall_segment Palisade Wall x4 |
| 26:32 | GS · first_building Archery Range |
| 27:35 | Lord_calderon · first_building Stable |
| 27:37 | GS · wall_segment Palisade Wall x4 |
| 29:05 | GS · wall_segment Stone Wall x1 |
| 29:33 | GS · wall_segment Stone Wall x1 |
| 32:44 | GS · age_up castle |
| 33:20 | GS · first_building Stable |
| 34:30 | Lord_calderon · wall_segment Palisade Wall x1 |
| 34:32 | Lord_calderon · wall_segment Palisade Wall x1 |
| 34:42 | GS · first_building Siege Workshop |
| 46:53 | Lord_calderon · wall_segment Palisade Wall x1 |
| 55:16 | Lord_calderon · age_up castle |
| 55:58 | GS · first_market_buy 100 stone |
| 57:32 | GS · first_building Monastery |
| 62:29 | Lord_calderon · first_market_sell 100 food |
| 63:46 | Lord_calderon · first_market_buy 100 stone |
| 68:51 | GS · first_market_sell 100 wood |
| 69:18 | GS · first_building Castle |
| 70:12 | GS · resign |
[ AI ANALYSIS · 1 CREDIT ]
What really happened in this match?
Wolo.gg analyzes every decision: build order, eco, micro, common mistakes by bracket. Personalized analysis on WhatsApp or Discord in 30 seconds.
Civ guide
Teutons
Perfil
Jugador #2723392